 Dungeon Crawl Stone Soup version 0.23.2-1-ga50397a (webtiles) character file.

Game seed: 3739487544621824967

65 whitewolfNL the Cudgeler (level 3, -1/33 HPs)
             Began as a Minotaur Berserker on May 28, 2019.
             Was a Believer of Trog.
             Slain by Sigmund
             ... wielding a +2 scythe of venom
              (13 damage)
             ... on level 2 of the Dungeon.
             The game lasted 00:04:57 (1963 turns).

whitewolfNL the Cudgeler (Minotaur Berserker)       Turns: 1963, Time: 00:04:59

Health: -1/33      AC:  2    Str: 21    XL:     3   Next: 94%
Magic:  2/2        EV: 12    Int:  4    God:    Trog [**....]
Gold:   75         SH:  3    Dex: 10    Spells: 2/2 levels left

rFire    . . .     SeeInvis .   n - +0 flail
rCold    . . .     Gourm    .   k - +0 buckler
rNeg     . . .     Faith    .   b - +0 animal skin
rPois    .         Spirit   .   (helmet restricted)
rElec    .         Reflect  .   (no cloak)
rCorr    .         Harm     .   (no gloves)
MR       .....                  (no boots)
Stlth    +.........             (no amulet)
HPRegen  0.11/turn              (no ring)
MPRegen  0.08/turn              (no ring)

@: lethally poisoned (-1 -> -37), berserk cooldown, slowed, very slow
A: retaliatory headbutt, horns 2
a: Berserk, Trog's Hand, Renounce Religion


You were on level 2 of the Dungeon.
You worshipped Trog.
Trog was pleased with you.
You were not hungry.

You visited 1 branch of the dungeon, and saw 2 of its levels.

You collected 75 gold pieces.

Inventory:

Hand Weapons
 n - a +0 flail (weapon)
Missiles
 e - 61 stones (quivered)
 g - 25 bolts
Armour
 b - a +0 animal skin (worn)
 k - a +0 buckler (worn)
Scrolls
 d - 2 scrolls of enchant armour {unknown}
 f - a scroll of magic mapping {unknown}
 h - 2 scrolls of remove curse
 j - a scroll of amnesia {unknown}
 l - a scroll of enchant weapon {unknown}
Comestibles
 c - 2 rations


   Skills:
 + Level 4.3 Fighting
 * Level 4.9 Maces & Flails
 - Level 2.4 Armour
 - Level 2.1 Dodging
 + Level 1.8 Shields


You had 2 spell levels left.
You didn't know any spells.
Your spell library was empty.

Dungeon Overview and Level Annotations

Branches:
Dungeon (2/15)

Altars:
Gozag
Uskayaw
Xom

Annotations:
D:2 Sigmund


Innate Abilities, Weirdness & Mutations

You reflexively headbutt those who attack you in melee.
You have a pair of horns on your head.


Message History

Sigmund flickers and vanishes!
Deactivating autopickup; reactivate with Ctrl-A.
A red film seems to cover your vision as you go berserk!
You feel yourself moving faster!
You feel mighty!
You feel a lot more hungry.
You feel a strong urge to attack something.
Something hits you!
You are poisoned.
You feel your anger nearly subside.
You feel sick.
You hit something. Your headbutt misses something.
You feel sick. Something hits you!
You are lethally poisoned!
You hit something.
You feel sick.
You closely miss something.
You are no longer berserk.
You are exhausted.
You feel yourself slow down.
You feel very sick. Something hits you!
You die...

#.# #.# #.###.# ###
#...... ##+# ..# #####.#
#...# #.# #.# [....#
###.# #.# ......# ##.#.#
#..
.......####....##########
.......{@........<.......
.......####....##.######.
.....(# ##.####.# #.
.....# ### ..# #. #.!.#
#### #. #### #. ## # #


There were no monsters in sight!

Vanquished Creatures
  2 adders (D:2)
  4 dart slugs
  A leopard gecko (D:2)
  A ball python (D:2)
  2 giant cockroaches (D:1)
  9 hobgoblins
  4 jackals (D:1)
  5 kobolds
  A frilled lizard (D:1)
  4 goblins
33 creatures vanquished.

Notes
Turn   | Place    | Note
-------+----------+-------------------------------------------
     0 | D:1      | whitewolfNL the Minotaur Berserker began the quest for the
                  | Orb.
     0 | D:1      | Reached XP level 1. HP: 19/19 MP: 0/0
   110 | D:1      | Reached XP level 2. HP: 27/27 MP: 1/1
   129 | D:1      | Reached skill level 1 in Shields
   660 | D:1      | Reached XP level 3. HP: 33/33 MP: 2/2
   909 | D:2      | Found a shimmering altar of Xom.
   911 | D:2      | Found an opulent altar of Gozag.
   973 | D:2      | Found a faded altar of an unknown god.
   996 | D:2      | Reached ** piety under Trog
  1006 | D:2      | Found a hide-covered altar of Uskayaw.
  1525 | D:2      | Noticed Sigmund
  1556 | D:1      | HP: 1/33 [poisoned by Sigmund]
  1963 | D:2      | Slain by Sigmund

Skill      XL: |  1  2 |
---------------+-------+-----
Maces & Flails | 4 |  4.9
Shields        | 1 |  1.8
Fighting       | 4 |  4.3
Armour         | |  2.4
Dodging        | |  2.1

Action                   || total
-------------------------++-------
Melee: Mace              ||    81
       Headbutt          ||    11
       Flail             ||     9
       Unarmed           ||     7
Invok: Berserk           ||     2
  Use: Scroll            ||     1
  Eat: Chunk             ||     2
       Ration            ||     1
Armor: Animal skin       ||    12
Dodge: Dodged            ||    67
Block: Buckler           ||     9
